 Dungeon Crawl Stone Soup version 0.31-a0-204-g7da18cac08 (webtiles) character file.

Game seed: 18435178215760386399

18 qw the Shooter (level 2, -2/16 HPs)
             Began as a Deep Elf Hunter on June 27, 2023.
             Slain by a gnoll
             ... wielding a +0 flail
              (11 damage)
             ... on level 1 of the Dungeon.
             The game lasted 00:00:13 (866 turns).

qw the Shooter (Deep Elf Hunter)                     Turns: 866, Time: 00:00:13

Health: -2/16      AC:  5    Str:  7 (8)  XL:     2   Next: 51%
Magic:  4/4        EV: 10    Int: 11 (13) God:
Gold:   43         SH:  0    Dex: 15 (18) Spells: 1/1 levels left

rFire   . . .        Y - +0 shortbow
rCold   . . .        (shield currently unavailable)
rNeg    . . .        g - +0 ring mail
rPois   .            (no helmet)
rElec   .            (no cloak)
rCorr   +            (no gloves)
SInv    .            (no boots)
Will    .....        (no amulet)
Stlth   +            d - ring of resist corrosion
HPRegen 0.22/turn    (no ring)
MPRegen 0.09/turn

%: no passive effects
@: no status effects
A: no striking features
a: no special abilities


You were on level 1 of the Dungeon.
You visited 1 branch of the dungeon, and saw 2 of its levels.

You collected 43 gold pieces.


   Skills:
 - Level 1.5 Fighting
 + Level 6.3 Ranged Weapons
 - Level 2.4 Dodging
 - Level 1.2 Stealth


You had one spell level left.
You didn't know any spells.
Your spell library was empty.

Inventory:

Hand Weapons
 Y - a +0 shortbow (weapon)
Armour
 g - a +0 ring mail (worn)
Jewellery
 d - a ring of resist corrosion (left hand)
Potions
 f - 2 potions of curing
 j - a potion of cancellation {unknown}

Dungeon Overview and Level Annotations

Branches:
Dungeon (2/15)

Altars:


Message History

843 ||| DROPPING scroll of butterflies.
You drop a scroll of butterflies.
Done exploring.
844 ||| DROPPING potion of degeneration.
You drop a potion of degeneration.
Done exploring.
(D) Dungeon
Where to? (* - list waypoints, ? - help)
What level of the Dungeon? (default 1, ? - help)
You open the door.
There is an open door here.
There is a stone staircase leading down here.
You climb downwards.
The gnoll shouts!
The hobgoblin shouts!
You hear a shout!
Found a scroll labelled VAMNUU KEVYA.
Found an escape hatch in the floor.
Found a stone staircase leading down.
There is a stone staircase leading up here.
There are monsters nearby!
Waypoint 1 assigned to D:2.
You shoot an arrow. The arrow hits the gnoll.
The gnoll is lightly wounded.
You hear a shout! x2
You shoot an arrow.
The arrow hits the gnoll but does no damage.
The gnoll is lightly wounded.
You hear a shout!
You shoot an arrow. The arrow hits the gnoll!
The gnoll is severely wounded.
You shoot an arrow. The arrow closely misses the gnoll.
A gnoll comes into view. It is wielding a +0 club.
A kobold comes into view. It is wielding a +0 dagger.
The gnoll hits you with a +0 flail!
Ouch! That really hurt!
The gnoll moves out of view.
864 ||| STAIRDANCE The gnoll barely misses you.
You climb upwards.
There is a stone staircase leading down here.
You shoot an arrow. The arrow closely misses the gnoll.
The gnoll hits you with a +0 flail!
Ouch! That really hurt!
You die...

####.################.
#.....................
#.....###############. #.....#
#. #################### #.
#..................# #)
##.###....:........# #.
#.#...............# #.
##.####......@.....##########.
#............g.....'..........
#######............#......####
######.#######.......... #.#
#......#### #.# #......# #.
#.# #......# #.
#.#######!.....###.
#.#.....#......##..


You could see a gnoll.

Vanquished Creatures
  2 dart slugs (D:1)
  2 ball pythons (D:1)
  An endoplasm (D:1)
  2 giant cockroaches (D:1)
  A goblin (D:1)
  A quokka (D:1)
  A bat (D:1)
  A frilled lizard (D:1)
  A kobold (D:1)
  2 rats (D:1)
14 creatures vanquished.

Notes
Turn   | Place    | Note
-------+----------+-------------------------------------------
     0 | D:1      | qw the Deep Elf Hunter began the quest for the Orb.
     0 | D:1      | Reached XP level 1. HP: 12/12 MP: 3/3
     0 | D:1      | 0 ||| qw: Version: 0.3-a-22-g0ed2b0b
     0 | D:1      | 0 ||| qw: Game counter: 6636
     0 | D:1      | 0 ||| qw: Melee chars always use a shield: true
     0 | D:1      | 0 ||| qw: God list: Okawaru
     0 | D:1      | 0 ||| qw: Allow faded altars: false
     0 | D:1      | 0 ||| qw: Do Orc after clearing Dungeon:15 true
     0 | D:1      | 0 ||| qw: Do second Lair branch before Depths: true
     0 | D:1      | 0 ||| qw: Lair rune preference: random
     0 | D:1      | 0 ||| qw: Goals: Normal
     0 | D:1      | 0 ||| PLANNING D:1-11
   367 | D:1      | Reached skill level 6 in Ranged Weapons
   367 | D:1      | Reached XP level 2. HP: 10/16 MP: 4/4
   825 | D:1      | 825 ||| UPGRADING to +0 ring mail.
   835 | D:1      | 835 ||| DROPPING +0 leather armour.
   836 | D:1      | 836 ||| UPGRADING to ring of resist corrosion.
   837 | D:1      | 837 ||| READING scroll labelled VOMIGI RUCREYPN.
   838 | D:1      | 838 ||| READING scroll labelled WAEZIO JAIPUBAAL.
   841 | D:1      | 841 ||| DRINKING 3 ruby potions.
   842 | D:1      | 842 ||| DRINKING 2 brown potions.
   843 | D:1      | 843 ||| DROPPING scroll of butterflies.
   844 | D:1      | 844 ||| DROPPING potion of degeneration.
   864 | D:2      | 864 ||| STAIRDANCE
   866 | D:1      | Slain by a gnoll

Levels and vault maps discovered:
D:1:      sevenhm_arrival_forest_fort_small_6, layout_basic, minmay_vboxes
D:2:      cheibrodos_greedy_goblins, layout_basic, uniq_jessica, uniq_robin

Skill      XL: |  1 |
---------------+----+-----
Ranged Weapons | 6 |  6.3
Fighting       | |  1.5
Dodging        | |  2.4
Stealth        | |  1.2

Action                     || total
---------------------------++-------
   Fire: Shortbow          ||    42
    Use: Scroll            ||     2
         Potion            ||     2
 Armour: Leather armour    ||     2
  Dodge: Dodged            ||     7

Table legend:
 A = Non-vault XP
 B = Vault XP
 C = Vault XP percentage of total XP
 D = Non-vault monster count
 E = Vault monster count
 F = Vault count percentage of total count
                 A         B        C        D         E       F
            +---------+---------+-------+---------+---------+-------
      Total |      13 |      14 |  51.9 |       7 |       7 |  50.0
            +---------+---------+-------+---------+---------+-------
        D:1 |      13 |      14 |  51.9 |       7 |       7 |  50.0
            +---------+---------+-------+---------+---------+-------
